AoeStats
← Lukebeam54

Black Forest

507592892Analyzed
2v2 RM · 15d ago on Sep 18, 2026· 92m 22s· 4 players
Game mode
Random Map
Map size
Medium (4 player)
Population
200
Speed
Normal
Resources
Standard
Victory
Conquest
Starting age
Dark Age
Ending age
Imperial Age
RankedLock teamsTeams togetherTeam positionsShared explorationLock speedFull tech treeHidden civsTurbo modeCheats
Victory
Defeat
🇪🇸 Spanish · Spain
526
+17
🇪🇸 Vikings · Spain
510
+17
🇺🇸 Britons · United States
602
-20
🇺🇸 Italians · United States
477
-15
LA TANQUETA
14:10 Feudal Age
19:04 Castle Age
17:36 Double-Bit Axe
21:32 Bow Saw
24:08 Wheelbarrow
24:16 Horse Collar
26:17 Heavy Plow
26:58 Hand Cart
28:14 Stone Mining
28:37 Gold Mining
32:10 Stone Shaft Mining
34:12 Caravan
36:49 Imperial Age
35:45 Scale Barding Armor
35:51 Forging
35:32 Fletching
40:32 Two-Man Saw
40:45 Ballistics
41:26 Chemistry
42:00 Chain Barding Armor
41:41 Scale Mail Armor
42:17 Iron Casting
41:38 Bodkin Arrow
44:11 Conscription
44:01 Elite Conquistador
44:25 Elite Skirmisher
65:31 Bracer
66:32 Blast Furnace
65:48 Chain Mail Armor
66:10 Plate Barding Armor
78:30 Plate Mail Armor
78:06 Padded Archer Armor
mendiallianza
2:18 Loom
14:39 Feudal Age
15:15 Double-Bit Axe
15:16 Horse Collar
16:23 Town Watch
25:23 Castle Age
26:27 Heavy Plow
26:42 Bow Saw
27:43 Forging
27:34 Padded Archer Armor
32:00 Scale Mail Armor
31:31 Pikeman
34:00 Squires
33:46 Arson
33:47 Gambesons
40:14 Imperial Age
39:02 Chain Mail Armor
39:23 Iron Casting
38:40 Fletching
38:28 Elite Skirmisher
41:13 Bogsveigar
40:40 Crossbowman
42:13 Caravan
43:57 Town Patrol
44:30 Crop Rotation
45:10 Two-Man Saw
45:21 Arbalester
45:35 Elite Berserk
46:37 Conscription
46:17 Chieftains
46:05 Onager
50:36 Scale Barding Armor
51:01 Plate Mail Armor
51:32 Blast Furnace
50:28 Bodkin Arrow
50:49 Leather Archer Armor
50:49 Gold Mining
50:50 Stone Mining
53:01 Chemistry
52:21 Ballistics
52:58 Chain Barding Armor
59:21 Bracer
59:52 Ring Archer Armor
77:25 Light Cavalry
77:27 Cavalier
89:01 Gold Shaft Mining
92:23 Spies/Treason
Lukebeam54
11:03 Feudal Age
18:18 Horse Collar
22:06 Castle Age
24:22 Wheelbarrow
24:49 Crossbowman
32:56 Imperial Age
35:03 Chemistry
36:04 Thumb Ring
39:14 Elite Genoese Crossbowman
42:09 Pirotechnia
42:08 Gold Mining
42:17 Double-Bit Axe
43:52 Man-at-Arms
45:16 Bow Saw
45:47 Arbalester
47:44 Hand Cart
51:06 Ballistics
54:52 Cavalier
72:35 Fletching
72:48 Padded Archer Armor
Inky2163
11:40 Feudal Age
14:28 Wheelbarrow
14:26 Loom
15:49 Double-Bit Axe
21:08 Horse Collar
24:35 Castle Age
26:09 Bow Saw
26:46 Heavy Plow
28:52 Caravan
31:17 Hand Cart
37:32 Imperial Age
35:44 Stone Mining
35:44 Gold Mining
35:30 Man-at-Arms
35:30 Pikeman
35:56 Gambesons
36:11 Squires
35:57 Arson
36:14 Scale Mail Armor
36:25 Forging
36:05 Fletching
36:15 Padded Archer Armor
36:21 Scale Barding Armor
36:19 Heated Shot
36:21 Treadmill Crane
37:16 Ballistics
38:38 Gold Shaft Mining
37:38 Long Swordsman
38:11 Crossbowman
38:11 Elite Skirmisher
39:39 Two-Handed Swordsman
40:52 Cavalier
41:33 Husbandry
40:54 Light Cavalry
45:05 Chemistry
43:52 Arrowslits
43:58 Guard Tower
44:18 Fortified Wall
44:05 Murder Holes
44:49 Arbalester
44:50 Heavy Cavalry Archer
46:06 Conscription
46:20 Champion
48:04 Iron Casting
47:45 Chain Mail Armor
47:26 Bodkin Arrow
48:06 Heavy Scorpion
54:09 Halberdier
58:35 Leather Archer Armor
58:45 Siphons
60:44 Yeomen
60:25 Warwolf
Connection lost

Rejoining the realm…

Still unreachable

The connection could not be restored.

Session expired

The server has moved on; the page needs a fresh start.